 Dungeon Crawl Stone Soup version 0.28-a0-861-ge64d6db94f (webtiles) character file.

Game seed: 10312943951166922423

37 ytrimaz the Skirmisher (level 3, -4/45 HPs)
             Began as a Demonspawn Berserker on Nov 15, 2021.
             Was a Follower of Trog.
             Slain by Sigmund (9 damage)
             ... on level 2 of the Dungeon.
             The game lasted 00:01:34 (1169 turns).

ytrimaz the Skirmisher (Demonspawn Berserker)       Turns: 1169, Time: 00:01:35

Health: -4/45      AC:  2    Str: 18    XL:     3   Next: 23%
Magic:  3/3        EV: 12    Int:  8    God:    Trog [*.....]
Gold:   22         SH:  0    Dex: 12    Spells: 2/2 levels left

rFire   . . .      SeeInvis .   a - +0 hand axe
rCold   . . .      Faith    .   (no shield)
rNeg    . . .      Spirit   .   b - +0 animal skin
rPois   .          Reflect  .   (no helmet)
rElec   .          Harm     .   (no cloak)
rCorr   .          Rampage  .   (no gloves)
Will    .....                   (no boots)
Stlth   ..........              (no amulet)
HPRegen 0.15/turn               (no ring)
MPRegen 0.08/turn               (no ring)

@: berserking (expiring), very quick
A: demonic guardian 1, weakness stinger 1
a: Renounce Religion, Berserk


You were on level 2 of the Dungeon.
You worshipped Trog.
Trog was aware of your devotion.
You visited 1 branch of the dungeon, and saw 2 of its levels.

You collected 22 gold pieces.

Inventory:

Hand Weapons
 a - a +0 hand axe (weapon)
Armour
 b - a +0 animal skin (worn)
Scrolls
 c - a scroll of fear {unknown}
 d - a scroll of summoning {unknown}


   Skills:
 + Level 3.7 Fighting
 + Level 3.2 Axes
 + Level 2.0 Armour
 - Level 1.7 Dodging


You had 2 spell levels left.
You didn't know any spells.
Your spell library was empty.

Dungeon Overview and Level Annotations

Branches:
Dungeon (2/15)

Altars:

Annotations:
D:2 Sigmund


Innate Abilities, Weirdness & Mutations

A weak demonic guardian rushes to your aid.
You have a small tail.


Message History

Found 2 red potions.
There is a stone staircase leading up here.
A quokka is nearby!
A quokka is nearby!
Sigmund the Dreaded comes into view.
He is wielding a +0 scythe.
Sigmund shouts!
Found a hunting sling.
Sigmund drinks a potion.
Sigmund flickers and vanishes!
Deactivating autopickup; reactivate with Ctrl-A.
The quokka barely misses you.
You hear some strange, mumbled words.
A puff of flame appears from out of thin air!
The puff of flame hits you.
You closely miss the quokka.
Your tail-slap misses the quokka.
You hit something. The quokka closely misses you. Something hits you!
You hit the quokka but do no damage. You barely miss something.
The quokka misses you.
You completely miss the quokka. You closely miss something.
The quokka barely misses you. Something hits you. The quokka barely misses you.
You are too injured to fight recklessly!
A red film seems to cover your vision as you go berserk!
You feel yourself moving faster!
You feel mighty! Something hits you but does no damage.
The quokka barely misses you.
You barely miss something. You slash the quokka!
You kill the quokka!
Trog accepts your kill. Something hits you!
A demonic guardian appears!
You miss something.
Unknown command.
You barely miss something. You barely miss something. You tail-slap something!
Something hits you!
* * * LOW HITPOINT WARNING * * *
You miss something. Something barely misses you.
Unknown command.
You slash something!
Your tail-slap misses something.
Unknown command.
You closely miss something. Something hits you but does no damage.
You barely miss something.
Your tail-slap misses something.
Unknown command.
You miss something. Something hits you!
You die...

### ).#
########.#
.....!.<.#
#######..#
#..# ##..#
#...##
#..@.+
#...5{.#
#......#
#......#
##.....#
#.....#
#......
#.....#


You could see a friendly quasit (summoned).

Vanquished Creatures
  2 dart slugs (D:1)
  2 endoplasms (D:1)
  3 giant cockroaches (D:1)
  A hobgoblin (D:1)
  3 jackals (D:1)
  A quokka (D:2)
  A ball python (D:1)
  5 bats (D:1)
  3 frilled lizards (D:1)
  2 kobolds (D:1)
  2 rats (D:1)
25 creatures vanquished.

Vanquished Creatures (collateral kills)
  A dart slug (D:1)
  2 kobolds (D:1)
3 creatures vanquished.

Grand Total: 28 creatures vanquished

Notes
Turn   | Place    | Note
-------+----------+-------------------------------------------
     0 | D:1      | ytrimaz the Demonspawn Berserker began the quest for the
                  | Orb.
     0 | D:1      | Reached XP level 1. HP: 18/18 MP: 1/1
   102 | D:1      | Gained mutation: A weak demonic guardian rushes to your
                  | aid. [demonic ancestry]
   102 | D:1      | Reached XP level 2. HP: 13/24 MP: 2/2
   817 | D:1      | Discovered your monstrous ancestry.
   817 | D:1      | Gained mutation: You have a small tail. [demonic ancestry]
   817 | D:1      | Reached XP level 3. HP: 28/29 MP: 3/3
  1152 | D:2      | Noticed Sigmund
  1169 | D:2      | Slain by Sigmund

Illustrated notes

Levels and vault maps discovered:
D:1:      matt_arrival_grand_opening, layout_loops_cross
D:2:      layout_loops_ring, nicolae_ecumenical_lake_church, serial_shops, shop,
          minmay_misc_feat_encased, uniq_sigmund

Skill      XL: |  1  2 |
---------------+-------+-----
Axes           | 3 |  3.2
Armour         | 2 |  2.0
Fighting       | |  3.7
Dodging        | |  1.7

Action                   || total
-------------------------++-------
Melee: Hand axe          ||    70
       Tailslap          ||     3
Invok: Berserk           ||     2
Armor: Animal skin       ||    24
Dodge: Dodged            ||    48

Table legend: (Time is in decaauts)
 A = Elapsed time spent in this place.
 B = Non-inter-level travel time spent in this place.
 C = Inter-level travel time spent in this place.
 D = Time resting spent in this place.
 E = Time spent auto-exploring this place.
 F = Levels seen in this place.
 G = Mean time per level.
                   A        B        C        D        E       F      G
               +--------+--------+--------+--------+--------+-----+--------+
         Total |   1185 |   1169 |     16 |      0 |   1010 |   2 |  592.5 |
       Dungeon |   1185 |   1169 |     16 |      0 |   1010 |   2 |  592.5 |
               +--------+--------+--------+--------+--------+-----+--------+

Top non-repeatable levels by time:
     D:1: 1168 daAuts
     D:2: 16 daAuts
